 Dungeon Crawl Stone Soup version 0.25-a0-589-g1e14c549ee (webtiles) character file.

Game seed: 3348180484456875551, levelgen mode: deterministic

793 sanka the Covert (level 7, -10/32 HPs)
             Began as a Spriggan Enchanter on Mar 11, 2020.
             Was a Follower of Wu Jian.
             Killed by the air
             ... invoked by Gastronok
              (31 damage)
             ... on level 8 of the Dungeon.
             The game lasted 00:16:26 (6344 turns).

sanka the Covert (Spriggan Enchanter)               Turns: 6344, Time: 00:16:27

Health: -10/32     AC:  2    Str:  4    XL:     7   Next: 57%
Magic:  13/16      EV: 18    Int: 18    God:    Wu Jian [*.....]
Gold:   328        SH:  0    Dex: 17    Spells: 8/17 levels left

rFire    . . .     SeeInvis +   a - +2 dagger
rCold    . . .     Gourm    .   (shield restricted)
rNeg     . . .     Faith    .   b - +0 robe
rPois    .         Spirit   .   (helmet restricted)
rElec    .         Reflect  .   (no cloak)
rCorr    +         Harm     .   (gloves unavailable)
MR       +....                  (boots unavailable)
Stlth    ++++......             f - amulet of rage
HPRegen  0.10/turn              q - ring of resist corrosion
MPRegen  0.15/turn              (no ring)

@: starving, very quick
A: very small, unfitting armour, see invisible, herbivore, speed 3, slow
metabolism 2
a: Renounce Religion, Evoke Berserk Rage


You were on level 8 of the Dungeon.
You worshipped Wu Jian.
Wu Jian was aware of your devotion.
You were starving.

You visited 1 branch of the dungeon, and saw 8 of its levels.

You collected 328 gold pieces.


Innate Abilities, Weirdness & Mutations

You are very small and have problems with some larger weapons.
You are too small for most types of armour.
You have supernaturally acute eyesight. (SInv)
You are a herbivore.
You cover ground extremely quickly.
You need to consume almost no food.


   Skills:
 - Level 5.0 Short Blades
 - Level 3.0 Dodging
 - Level 8.0 Stealth
 + Level 5.5 Spellcasting
 + Level 6.1 Hexes


You had 8 spell levels left.
You knew the following spells:

 Your Spells              Type           Power        Failure   Level  Hunger
x - Tukima's Dance        Hex            ####....     3%          3    ##.....
z - Ensorcelled Hibernat  Hex/Ice        ###...       5%          2    None
X - Confusing Touch       Hex            ####....     3%          3    ##.....
Z - Corona                Hex            ####...      1%          1    None

Your spell library contained the following spells:

 Spells                   Type           Power        Failure   Level  Hunger
 Dazzling Flash           Conj/Hex       ###...       11%         3    ##.....
 Animate Skeleton         Necr           N/A          13%         1    None
 Apportation              Tloc           #.....       13%         1    None
 Summon Small Mammal      Summ           #...         13%         1    None
 Poisonous Vapours        Pois/Air       #.....       19%         2    None
 Conjure Flame            Conj/Fire      #.......     36%         3    ##.....
 Mephitic Cloud           Conj/Pois/Air  #.......     36%         3    ##.....
 Freezing Cloud           Conj/Ice/Air   #.........   100%        6    #######
 Ring of Flames           Chrm/Fire      #.........   100%        7    #######

Inventory:

Hand Weapons
 a - a +2 dagger (weapon)
 B - a +0 rapier of flaming
Missiles
 h - 2 throwing nets {=f}
 m - 24 poisoned darts (quivered)
Armour
 b - a +0 robe (worn)
 r - the +1 robe of Tenlogiu {Str+3 Int-3 Dex+2}

   It affects your strength (+3).
   It affects your intelligence (-3).
   It affects your dexterity (+2).
 D - a +0 cloak
Jewellery
 f - an amulet of rage (around neck)
 q - a ring of resist corrosion (left hand)
Scrolls
 c - 2 scrolls of amnesia
 g - 3 scrolls of identify {@r1}
 i - a scroll of blinking
 j - 2 scrolls of immolation {!r}
 n - 2 scrolls of fear
 p - a scroll of random uselessness
 s - a scroll of magic mapping
 t - a scroll of enchant armour {unknown}
 v - 2 scrolls of noise {unknown}
 w - a scroll of teleportation {unknown}
 y - a scroll of vulnerability {unknown}
 C - a scroll of remove curse
Potions
 e - a potion of resistance
 k - 3 potions of ambrosia
 l - a potion of magic
 o - a potion of brilliance
 u - a potion of heal wounds {unknown}
 x - 2 potions of mutation {unknown}
 z - 2 potions of lignification {unknown}
 A - 2 potions of curing {@q1}
Comestibles
 d - 7 rations

Dungeon Overview and Level Annotations

Branches:
Dungeon (9/15)             Temple (0/1) D:4
   Lair: D:8-11         Orc: D:9-12

Altars:
Kikubaaqudgha
Ru
Trog
Uskayaw
Wu Jian

Shops:
D:4 =   D:6 (

Annotations:
D:8 Gastronok

. ▒▒. ▒▒+▒▒.▒▒▒▒ ▒.
▒........▒ ▒........▒
▒.)......▒▒▒▒
▒........▒▒..
▒........▒▒.▒
▒▒.▒▒▒▒▒▒▒▒.▒▒▒▒.▒
▒.▒▒▒▒▒▒▒▒...w..▒
..▒▒.▒.▒▒.....iWF..▒
........................
....................▒▒▒▒
....................▒
....................▒
....................▒
....▒▒..▒▒▒▒▒▒▒▒▒▒▒▒▒
.... ▒..▒ .. ▒..


You could see Gastronok, a hungry ghost (confused) and a bullfrog.


Message History

A hungry ghost is nearby!
Gastronok the Ponderous comes into view.
Gastronok gurgles horribly!
The hungry ghost hits you.
You are feeling very hungry.
Your hands begin to glow red.
You hit the hungry ghost but do no damage.
A bullfrog comes into view.
The hungry ghost hits you.
You are near starving!
Gastronok's eyestalks quiver as he mumbles some strange words.
Your skin takes on a slight green cast.
The bullfrog croaks.
You hit the hungry ghost but do no damage.
The hungry ghost hits you.
You are starving!
You hit the hungry ghost but do no damage.
Unknown command.
You barely miss the hungry ghost. The hungry ghost hits you.
You feel somewhat more hungry.
You hit the hungry ghost but do no damage.
The hungry ghost hits you.
You feel somewhat more hungry.
You hit the hungry ghost but do no damage.
The hungry ghost appears confused.
Gastronok waves his eye-stalks in wide circles.
The air twists around and strikes you!!
Ouch! That really hurt!
You die...

Action                   |  1- 3 |  4- 6 |  7- 9 || total
-------------------------+-------+-------+-------++-------
Melee: Dagger            |    88 |   192 |    29 ||   309
 Cast: Ensorcelled Hiber |    30 |    70 |    11 ||   111
       Confusing Touch   |       |     2 |     1 ||     3
Invok: Lunge             |       |     8 |     3 ||    11
  Use: Scroll            |     4 |     7 |       ||    11
       Potion            |     3 |     2 |       ||     5
 Stab: Sleeping          |    26 |    54 |     6 ||    86
       Distracted        |       |     3 |       ||     3
       Confused          |       |     2 |       ||     2
  Eat: Ration            |       |     4 |       ||     4
Armor: Robe              |    25 |    17 |     4 ||    46
Dodge: Dodged            |   181 |   163 |    19 ||   363

Levels and vault maps discovered:
D:1:      minmay_arrival_four_houses, layout_basic
D:2:      layout_rooms, lemuel_zombie_altar_kikubaaqudgha, fountainhead
D:3:      layout_rooms, lemuel_doored_altar
D:4:      layout_loops_ring, minmay_temple_entry_glass, serial_shops, shop
D:5:      layout_basic, basic_altar, first_ration
D:6:      layout_basic, lemuel_coloured_pillars_altar,
          yredelemnul_forgotten_temple_becter, serial_shops, shop,
          corexii_hall_statues_i
D:8:      layout_basic, lemuel_crystal_altar, serial_shops, shop, uniq_gastronok
D:9:      layout_cave_pools, gammafunk_temple_overflow_statue,
          hiddenorc2_lemuel, serial_glass, glass_columns_a, glass_columns_a,
          glass_columns_c, minmay_strange_pillars, item_on_display_b,
          due_unseen_surprise, uniq_grum

Notes
Turn   | Place    | Note
-------+----------+-------------------------------------------
     0 | D:1      | sanka the Spriggan Enchanter began the quest for the Orb.
     0 | D:1      | Reached XP level 1. HP: 9/9 MP: 5/5
   235 | D:1      | Reached XP level 2. HP: 13/13 MP: 6/6
   241 | D:1      | Learned a level 2 spell: Ensorcelled Hibernation
   246 | D:1      | Reached skill level 5 in Stealth
   339 | D:1      | Reached skill level 2 in Short Blades
  1340 | D:2      | Reached XP level 3. HP: 16/16 MP: 8/8
  1491 | D:2      | Reached skill level 6 in Stealth
  1560 | D:2      | Learned a level 3 spell: Confusing Touch
  1596 | D:2      | Reached skill level 3 in Short Blades
  1631 | D:2      | Found an ancient bone altar of Kikubaaqudgha.
  1663 | D:2      | Reached XP level 4. HP: 7/21 MP: 2/9
  2470 | D:3      | Reached skill level 7 in Stealth
  2513 | D:3      | Reached XP level 5. HP: 14/24 MP: 6/10
  2786 | D:3      | Reached skill level 4 in Short Blades
  3155 | D:3      | Found an ornate altar of the Wu Jian Council.
  3167 | D:3      | Became a worshipper of the Wu Jian Council
  3253 | D:4      | Identified a potion of resistance
  3290 | D:4      | Found Ycking's Jewellery Shop.
  3319 | D:4      | Got a sheer robe
  3330 | D:4      | Identified the cursed +1 robe of Tenlogiu {Str+3 Int-3
                  | Dex+2} (You found it on level 4 of the Dungeon)
  3591 | D:4      | Reached skill level 8 in Stealth
  3854 | D:4      | Reached XP level 6. HP: 28/28 MP: 0/11
  4060 | D:4      | Reached skill level 5 in Short Blades
  4068 | D:4      | Found a staircase to the Ecumenical Temple.
  4411 | D:4      | Reached skill level 3 in Spellcasting
  4416 | D:5      | Entered Level 5 of the Dungeon
  4437 | D:5      | Reached skill level 4 in Hexes
  4448 | D:5      | Learned a level 3 spell: Tukima's Dance
  4567 | D:5      | Reached * piety under Wu Jian
  4987 | D:5      | Found a bloodstained altar of Trog.
  5284 | D:6      | Got a smoking mace
  5285 | D:6      | Identified the cursed +1 mace of the Endless Expanse
                  | {venom, Stlth+} (You found it on level 6 of the Dungeon)
  5456 | D:6      | Reached skill level 4 in Spellcasting
  5788 | D:6      | Found Qimiof's Weapon Shoppe.
  5809 | D:6      | Noticed an ice beast
  5818 | D:6      | Killed an ice beast
  5818 | D:6      | Reached skill level 5 in Hexes
  5818 | D:6      | Reached XP level 7. HP: 32/32 MP: 10/14
  5844 | D:6      | Found a sacrificial altar of Ru.
  5999 | D:8      | Reached skill level 5 in Spellcasting
  6309 | D:8      | Found a hide-covered altar of Uskayaw.
  6321 | D:8      | Reached skill level 6 in Hexes
  6330 | D:8      | Noticed a hungry ghost
  6334 | D:8      | Noticed Gastronok
  6344 | D:8      | Killed from afar by Gastronok

Vanquished Creatures
  An ogre (D:8)
  An ice beast (D:6)
  A wolf (D:8)
  2 hounds
  2 jellies
  An orc wizard (D:4)
  A bullfrog skeleton (D:5)
  3 worker ants
  A hound skeleton (D:4)
  4 gnolls (D:3)
  10 adders
  An ooze (D:1)
  3 worms
  2 dart slugs
  4 leopard geckos
  15 orcs
  2 ball pythons
  7 bats
  2 bat zombies (D:2)
  2 giant cockroaches
  6 goblins
  9 hobgoblins
  20 jackals
  6 kobolds
  3 quokkas
  5 frilled lizards
  A leopard gecko skeleton (D:4)
  A quokka skeleton (D:5)
  10 rats
  2 rat zombies (D:2)
128 creatures vanquished.
